 Dungeon Crawl Stone Soup version 0.30.1-9-gdf580d7c3d (webtiles) character file.

Game seed: 4020713441932514285

136 Ninjinzu the Grave Robber (level 4, -3/30 HPs)
             Began as a Demonspawn Necromancer on Sept 27, 2023.
             Was a Follower of Vehumet.
             Engulfed by a cloud of poison gas (6 damage)
             ... on level 3 of the Dungeon.
             The game lasted 00:14:44 (3159 turns).

Ninjinzu the Grave Robber (Demonspawn Necromancer)  Turns: 3159, Time: 00:14:46

Health: -3/30      AC:  2    Str:  8    XL:     4   Next: 98%
Magic:  6/8        EV: 12    Int: 19    God:    Vehumet [*.....]
Gold:   150        SH:  4    Dex: 15    Spells: 8/9 levels left

rFire   + . .        s - +12 spear "Lan Ovin" {elec, rElec rF+ rC- Dex+2}
rCold   x . .        (no shield)
rNeg    . . .        a - +0 robe
rPois   .            (no helmet)
rElec   +            (no cloak)
rCorr   .            (no gloves)
SInv    .            (no boots)
Will    .....        (no amulet)
Stlth   ++           (no ring)
HPRegen 0.25/turn    (no ring)
MPRegen 0.11/turn

%: no passive effects
@: lethally poisoned (-3 -> -50)
A: large bone plates 1, spiny 1
a: Renounce Religion


You were on level 3 of the Dungeon.
You worshipped Vehumet.
Vehumet was aware of your devotion.
You visited 1 branch of the dungeon, and saw 3 of its levels.

You collected 150 gold pieces.

Inventory:

Hand Weapons
 c - a +0 dagger
 s - the +12 spear "Lan Ovin" (weapon) {elec, rElec rF+ rC- Dex+2}
   (You found it on level 3 of the Dungeon)

   Dex:       It affects your dexterity (+2).
   rF:        It protects you from fire.
   rC:        It makes you vulnerable to cold.
   rElec:     It insulates you from electricity.
Armour
 a - a +0 robe (worn)
Jewellery
 p - a ring of magical power
Wands
 n - a wand of mindburst (13)
Scrolls
 e - a scroll of fear {unknown}
 g - a scroll of blinking {unknown}
 h - a scroll of noise
 i - 2 scrolls of vulnerability
 l - 2 scrolls of teleportation
 q - a scroll of magic mapping {unknown}
 t - a scroll of amnesia {unknown}
 u - a scroll of enchant armour {unknown}
 w - a scroll of fog {unknown}
Potions
 b - a potion of magic
 j - a potion of curing
 o - a potion of might


   Skills:
 + Level 0.2 Fighting
 + Level 0.1 Short Blades
 + Level 1.9 Dodging
 + Level 1.9 Stealth
 + Level 3.3 Spellcasting
 + Level 5.9 Necromancy


You had 8 spell levels left.
You knew the following spells:

 Your Spells              Type           Power      Damage    Failure   Level
a - Necrotise             Necr           100%       1d9       1%          1

Your spell library contained the following spells:

 Spells                   Type           Power      Damage    Failure   Level
 Kiss of Death            Conj/Necr      56%        2d9       4%          1
 Vampiric Draining        Necr           25%        2d7       3%          3
 Animate Dead             Necr           25%        N/A       13%         4
 Magic Dart               Conj           12%        1d3       16%         1
 Searing Ray              Conj           6%         2d4       22%         2
 Agony                    Necr           25%        N/A       34%         5
 Fulminant Prism          Conj/Hex       1%         3d5       83%         4


Dungeon Overview and Level Annotations

Branches:
Dungeon (3/15)

Altars:
Fedhas
Makhleb
Vehumet

Annotations:
D:3 Rem's ghost, amateur OpTm; laqueoix's ghost, amateur DsGl; ohgeetee's ghost, amateur HuBe


Innate Abilities, Weirdness & Mutations

You are partially covered in large bone plates. (SH +4)
You are partially covered in sharp spines.


Message History

Okay, then.
Okay, then.
You drop a potion of lignification.
You drop a potion of mutation.
There is an open door here.
Ohgeetee's ghost turns its malevolent gaze towards you.
Rem's ghost grins evilly.
Laqueoix's ghost turns its malevolent gaze towards you.
You feel your willpower return.
Laqueoix's ghost shrieks, "Do you think the gods will protect you?"
Laqueoix's ghost says, "You must not succeed where I failed!"
The air fills with toxic fumes!
As you read the scroll labelled FUEROST LERE, it crumbles to dust.
It was a scroll of poison.
You open the gate.
Really walk into that cloud of poison gas? [Y]es or [N]o only, please.
Really walk into that cloud of poison gas? [Y]es or [N]o only, please.
Really walk into that cloud of poison gas?
You are engulfed in poison gas.
You are poisoned.
You feel very sick. Laqueoix's ghost hits you!
Aiming: Necrotise (safe; 1% risk of failure)
Press: ? - help, Q - select action, (/) - cycle Shift-Dir - straight line, f - laqueoix's ghost
Aim: laqueoix's ghost (not susceptible) Laqueoix's ghost is unaffected.
You are engulfed in poison gas.
You are more poisoned.
* * * LOW HITPOINT WARNING * * *
You feel extremely sick.
Laqueoix's ghost is struck by your spines.
Laqueoix's ghost closely misses you.
Aiming: Necrotise (safe; 1% risk of failure)
Press: ? - help, Q - select action, (/) - cycle Shift-Dir - straight line, f - laqueoix's ghost, p - laqueoix's ghost
Aim: laqueoix's ghost (not susceptible) Laqueoix's ghost is unaffected.
You are engulfed in poison gas.
You are more poisoned.
You die...

.#..###.#.#.)..#######..........#
##..#.........##..⌠.)##.####+#..#
.............##8.....8##.........
###.#....<...#........$#.........
# #.####.#...#!........#.........
###......'...#8.......8####......
........##...#$.WW....|#######...
........###§§####W''#####....#...
..........§§§§§§@W§§§§§§#....'.##
.......)..§§§§§§§§§§§§§§#....##.+
.........)§§§§§§§§§§§§§§#....##.#
#####.....§§§§§§§§§§§§§§#....##.#
#...##.⌠..§§§§§§§§§§§§§§####.##.#
8....##...§§§§§§####§§######.##..
.._...##..§#§§§§# ##§##...#.##..
8......##..#§§§§# #§#....#.....
#...†...#..#....#####'#....#.....


You could see Rem's ghost, 2 ghosts called laqueoix and ohgeetee's ghost.

Vanquished Creatures
  A howler monkey (D:3)
  4 adders
  A worm (D:2)
  3 dart slugs
  3 ball pythons
  5 bats
  5 endoplasms
  A giant cockroach (D:3)
  5 goblins
  5 hobgoblins
  7 kobolds
  4 quokkas
  3 frilled lizards
  4 rats
51 creatures vanquished.

Vanquished Creatures (collateral kills)
  A worm (D:2)
  A giant cockroach (D:3)
2 creatures vanquished.

Grand Total: 53 creatures vanquished

Notes
Turn   | Place    | Note
-------+----------+-------------------------------------------
     0 | D:1      | Ninjinzu the Demonspawn Necromancer began the quest for the
                  | Orb.
     0 | D:1      | Reached XP level 1. HP: 13/13 MP: 3/3
   390 | D:1      | Gained mutation: You are partially covered in sharp spines.
                  | [demonic ancestry]
   390 | D:1      | Reached XP level 2. HP: 19/19 MP: 1/5
   845 | D:1      | Found a faded altar of an unknown god.
  1108 | D:2      | Reached skill level 5 in Necromancy
  1197 | D:2      | Gained mutation: You are partially covered in large bone
                  | plates. (SH +4) [demonic ancestry]
  1197 | D:2      | Reached XP level 3. HP: 24/24 MP: 2/6
  2033 | D:3      | Found a blossoming altar of Fedhas.
  2188 | D:3      | Reached XP level 4. HP: 29/30 MP: 4/8
  2357 | D:3      | Identified the +12 spear "Lan Ovin" {elec, rElec rF+ rC-
                  | Dex+2}
  2375 | D:3      | Found a burning altar of Makhleb.
  2457 | D:3      | Found a faded altar of an unknown god.
  2473 | D:3      | Prayed at the altar of an unknown god.
  2473 | D:3      | Became a worshipper of Vehumet
  2473 | D:3      | Reached * piety under Vehumet
  2473 | D:3      | Offered knowledge of Kiss of Death by Vehumet.
  2488 | D:3      | Found a runed translucent gate.
  2489 | D:3      | Found a runed translucent gate.
  2490 | D:3      | Found a runed translucent gate.
  2548 | D:3      | Noticed laqueoix's ghost (amateur DsGl)
  2550 | D:3      | Noticed ohgeetee's ghost (amateur HuBe)
  2553 | D:3      | Noticed laqueoix's ghost (amateur DsGl)
  2553 | D:3      | Noticed Rem's ghost (amateur OpTm)
  3159 | D:3      | Engulfed by a cloud of poison gas

Illustrated notes

Levels and vault maps discovered:
D:1:      mrwooster_arrival_statue, layout_loops_ring,
          hellmonk_ecumenical_altar_leap_of_faith
D:2:      layout_loops_ring
D:3:      layout_basic, mainiacjoe_overflow_small_starburst,
          nicolae_overflow_ecumenical_swirl, fedhas_altar_fruit_tree,
          gammafunk_ghost_cemetery, patterned_corridor

Skill      XL: |  1  2  3 |
---------------+----------+-----
Necromancy     | 5 |  5.9
Spellcasting   | 3 |  3.3
Fighting       | |  0.2
Short Blades   | |  0.1
Dodging        | |  1.9
Stealth        | |  1.9

Action                     |  1- 3 |  4- 6 || total
---------------------------+-------+-------++-------
  Melee: Dagger            |     9 |       ||     9
         Punch             |     1 |       ||     1
   Cast: Necrotise         |    61 |    31 ||    92
    Use: Scroll            |       |    10 ||    10
 Armour: Robe              |     4 |       ||     4
  Dodge: Dodged            |     8 |     2 ||    10
  Block: Other             |     1 |     2 ||     3
